 Dungeon Crawl Stone Soup version 0.29-a0-1061-gbc57f8fbdb (webtiles) character file.

Game seed: 17953736498689074490

66 Nedwor the Slasher (level 3, -1/28 HPs)
             Began as a Demonspawn Gladiator on Aug 18, 2022.
             Slain by an ogre
             ... wielding a +0 giant spiked club
              (18 damage)
             ... on level 3 of the Dungeon.
             The game lasted 00:01:47 (2239 turns).

Nedwor the Slasher (Demonspawn Gladiator)           Turns: 2239, Time: 00:01:48

Health: -1/28      AC:  9    Str: 16    XL:     3   Next: 96%
Magic:  3/3        EV:  7    Int:  9    God:
Gold:   123        SH:  0    Dex: 14    Spells: 2/2 levels left

rFire   . . .      SeeInvis .   a - +0 long sword
rCold   . . .      Faith    .   (no shield)
rNeg    . . .      Spirit   .   k - +0 chain mail
rPois   .          Reflect  .   c - +0 helmet
rElec   .          Harm     .   (no cloak)
rCorr   .          Rampage  .   (no gloves)
Will    .....                   (no boots)
Stlth   ..........              (no amulet)
HPRegen 0.09/turn               (no ring)
MPRegen 0.08/turn               (no ring)

@: no status effects
A: ignite blood 1
a: no special abilities


You were on level 3 of the Dungeon.
You visited 1 branch of the dungeon, and saw 3 of its levels.

You collected 123 gold pieces.

Inventory:

Hand Weapons
 a - a +0 long sword (weapon)
Missiles
 d - 4 throwing nets (quivered)
 e - a javelin
Armour
 c - a +0 helmet (worn)
 k - a +0 chain mail (worn)
Jewellery
 q - an amulet of reflection
Wands
 o - a wand of flame (13)
Scrolls
 b - a scroll of fear {unknown}
 g - a scroll of silence
 h - a scroll of blinking {unknown}
 j - a scroll of magic mapping
 n - a scroll of torment {unknown}
Potions
 f - a potion of degeneration {unknown}
 i - a potion of brilliance {unknown}
 l - a potion of heal wounds {unknown}
 m - 2 potions of flight {unknown}
 p - 2 potions of curing {unknown}
 r - a potion of lignification {unknown}


   Skills:
 + Level 2.6 Fighting
 * Level 3.4 Long Blades
 - Level 1.7 Throwing
 + Level 1.2 Armour
 + Level 3.1 Dodging


You had 2 spell levels left.
You didn't know any spells.
Your spell library contained the following spells:

 Spells                   Type           Power      Damage    Failure   Level
 Foxfire                  Conj/Fire      0%         2x1d4     100%        1
 Conjure Flame            Conj/Fire      0%         6-21      100%        3
 Inner Flame              Hex/Fire       0%         N/A       100%        3
 Flame Wave               Conj/Fire      0%         2d4       100%        4


Dungeon Overview and Level Annotations

Branches:
Dungeon (3/15)

Altars:


Innate Abilities, Weirdness & Mutations

Your demonic aura sometimes causes spilled blood to erupt in flames.


Message History

No target in view!
No target in view!
No target in view!
No target in view!
No target in view!
No target in view!
No target in view!
No target in view!
No target in view!
q - an amulet of reflection
Things that are here:
a +0 hand axe; 3 stones; a kobold corpse
There is a stone staircase leading up here.
Done exploring.
Done exploring.
Done exploring.
Done exploring.
(D) Dungeon
Where to? (? - help)
What level of the Dungeon? (default 1, ? - help)
There is a stone staircase leading down here.
You climb downwards.
Found a leather armour and a glowing orange potion.
There is a stone staircase leading up here.
r - a glowing orange potion
Found a whip.
m - 2 blue potions (gained 1)
You now have 123 gold pieces (gained 10).
An ogre comes into view. It is wielding a +0 giant spiked club.
Found a short sword.
The ogre shouts!
An ogre is nearby!
You see here a +0 short sword.
You barely miss the ogre.
The ogre hits you with a +0 giant spiked club!
You barely miss the ogre. You barely miss the ogre.
The ogre hits you with a +0 giant spiked club!!
Ouch! That really hurt!
You die...

......#.###.##...
.######.# # #.#
.######.###.#
..).........#
.######.###.# .
#.# #...#####.#
#.....O@..#
##..#######


You could see an ogre.

Vanquished Creatures
  Jessica (D:2)
  A dart slug (D:2)
  3 ball pythons
  A bat (D:2)
  2 endoplasms
  3 giant cockroaches
  6 goblins
  5 hobgoblins
  4 frilled lizards
  6 kobolds
  3 rats
35 creatures vanquished.

Notes
Turn   | Place    | Note
-------+----------+-------------------------------------------
     0 | D:1      | Nedwor the Demonspawn Gladiator began the quest for the
                  | Orb.
     0 | D:1      | Reached XP level 1. HP: 16/16 MP: 1/1
   406 | D:1      | Gained mutation: Your demonic aura sometimes causes spilled
                  | blood to erupt in flames. [demonic ancestry]
   406 | D:1      | Reached XP level 2. HP: 15/22 MP: 2/2
  1319 | D:2      | Reached XP level 3. HP: 28/28 MP: 3/3
  1387 | D:2      | Reached skill level 1 in Armour
  1599 | D:2      | Noticed Jessica
  1604 | D:2      | Killed Jessica
  1803 | D:2      | Noticed an eye of devastation
  1805 | D:2      | Found a faded altar of an unknown god.
  1807 | D:2      | Noticed a golden eye
  1807 | D:2      | Noticed a golden eye
  1807 | D:2      | Noticed a great orb of eyes
  2234 | D:3      | Noticed an ogre
  2239 | D:3      | Slain by an ogre

Illustrated notes

Levels and vault maps discovered:
D:1:      lightli_iron_boxes, layout_loops_ring, bh_walls_and_bars
D:2:      layout_basic, hellmonk_ecumenical_altar_watching_god, uniq_jessica
D:3:      layout_loops_ring, uniq_robin

Skill      XL: |  1  2  3 |
---------------+----------+-----
Long Blades    | 3 |  3.4
Armour         | 1 |  1.2
Dodging        | 3 |  3.1
Fighting       | |  2.6
Throwing       | |  1.7

Action                   || total
-------------------------++-------
Melee: Long sword        ||    84
  Use: Scroll            ||     3
 Stab: Sleeping          ||     2
Armor: Leather armour    ||     9
       Chain mail        ||    24
Dodge: Dodged            ||    32

Table legend: (Time is in decaauts)
 A = Elapsed time spent in this place.
 B = Non-inter-level travel time spent in this place.
 C = Inter-level travel time spent in this place.
 D = Time resting spent in this place.
 E = Time spent auto-exploring this place.
 F = Levels seen in this place.
 G = Mean time per level.
                   A        B        C        D        E       F      G
               +--------+--------+--------+--------+--------+-----+--------+
         Total |   2258 |   2228 |     30 |    127 |   1859 |   3 |  752.7 |
       Dungeon |   2258 |   2228 |     30 |    127 |   1859 |   3 |  752.7 |
               +--------+--------+--------+--------+--------+-----+--------+

Top non-repeatable levels by time:
     D:2: 1146 daAuts
     D:1: 1089 daAuts
     D:3: 23 daAuts
